 Dungeon Crawl Stone Soup version 0.18.1-48-g4cf74bf (webtiles) character file.

30565 Inkary the Cleaver (level 13, -2/119 HPs)
             Began as a Hill Orc Fighter on Aug 27, 2016.
             Was an Elder of Okawaru.
             Killed by nerve-wracking pain
             ... invoked by an orc priest
              (12 damage)
             ... on level 1 of the Orcish Mines.
             The game lasted 00:46:55 (18053 turns).

Inkary the Cleaver (Hill Orc Fighter)              Turns: 18053, Time: 00:46:56

Health: -2/119     AC: 22    Str: 25    XL:     13   Next: 52%
Magic:  16/16      EV:  6    Int:  9    God:    Okawaru [****..]
Gold:   1046       SH: 13    Dex: 14    Spells: 3 memorised, 5 levels left

rFire  . . .     SeeInvis +     U - +2 long sword "Kakhaeto" {holy, +Blink rN+ Str+2 Int+3}
rCold  + . .     Gourm    .     I - +1 plate armour
rNeg   + . .     Faith    .     c - +0 shield
rPois  .         Spirit   .     s - +0 helmet
rElec  .         Dismiss  .     t - +2 cloak of a bailey {rC+ MR+}
rCorr  .         Reflect  .     (no gloves)
SustAt .         Harm     .     D - +0 pair of boots
MR     +....                    g - amulet of regeneration
Stlth  ..........               p - ring of see invisible
                                F - ring of flight

@: mighty, very slightly contaminated, studying 2 skills, somewhat resistant to
hostile enchantments, extremely unstealthy
A: claws 1, talons 1, blink, blurry vision 1, dopey 1, low mp 1, slow
regeneration 1, weak 1
a: Blink, Heroism, Renounce Religion, Convert to Beogh, Evoke Blink, Evoke
Flight


You were on level 1 of the Orcish Mines.
You worshipped Okawaru.
Okawaru was greatly pleased with you.
You were not hungry.

You visited 4 branches of the dungeon, and saw 17 of its levels.
You also visited: Trove and Ossuary.

You collected 1139 gold pieces.
You spent 93 gold pieces at shops.

Inventory:

Hand Weapons
 m - a +0 whip of venom
 U - the +2 long sword "Kakhaeto" (weapon) {holy, +Blink rN+ Str+2 Int+3}
   (You found it on level 13 of the Dungeon)

   It has been blessed by the Shining One to cause great damage to the undead
   and demons.
   It affects your strength (+2).
   It affects your intelligence (+3).
   It protects you from negative energy.
   It lets you blink.
Missiles
 y - 4 throwing nets (quivered)
 C - 7 silver javelins
Armour
 c - a +0 shield (worn)
 s - a +0 helmet (worn)
 t - the +2 cloak of a bailey (worn) {rC+ MR+}
   (You found it on level 11 of the Dungeon)

   It protects you from cold.
   It affects your resistance to hostile enchantments.
 D - a +0 pair of boots (worn)
 H - an ice dragon hide
 I - a +1 plate armour (worn)
Jewellery
 a - an uncursed amulet of dismissal
 g - an amulet of regeneration (around neck)
 p - a ring of see invisible (right claw)
 F - a ring of flight (left claw)
Wands
 G - a wand of lightning (10/15)
 T - a wand of teleportation (3/9)
Scrolls
 e - 8 scrolls of teleportation
 j - 4 scrolls of identify
 k - a scroll of magic mapping
 q - 4 scrolls of enchant weapon
 u - 2 scrolls of holy word
 v - 2 scrolls of fear
 B - 5 scrolls of remove curse
 O - a scroll of recharging
 Q - 2 scrolls of fog
Potions
 i - a potion of magic
 n - a potion of curing
 w - 3 potions of flight
 x - a potion of beneficial mutation
 z - a potion of cancellation
Books
 L - a manual of Polearms
 N - a manual of Earth Magic
Comestibles
 b - 5 chunks of flesh
 f - 11 bread rations
 h - 7 meat rations
 K - 4 slices of pizza


   Skills:
 - Level 12.8 Fighting
 * Level 8.5 Long Blades
   Level 14.7 Axes
 + Level 11.0 Armour
 - Level 11.0 Shields
 - Level 7.0 Invocations


You had 5 spell levels left.
You knew the following spells:

 Your Spells              Type           Power        Failure   Level  Hunger
a - Beastly Appendage     Trmt           #.....       100%        1    ##.....
b - Silence               Hex/Air        #.........   100%        5    ######.
c - Corona                Hex            #......      100%        1    ##.....


Dungeon Overview and Level Annotations

Branches:
Dungeon (13/15)            Temple (1/1) D:4            Lair (2/8) D:11
    Orc (1/2) D:11         Vaults (0/5) D:13

Altars:
Ashenzari
Cheibriados
Dithmenos
Elyvilon
Fedhas
Gozag
Kikubaaqudgha
Makhleb
Nemelex Xobeh
Okawaru
Pakellas
Qazlal
Ru
Sif Muna
Trog
Vehumet
Xom
Yredelemnul
Zin
The Shining One

Shops:
D:5 (   D:13 *

Annotations:
D:5 1 runed door
Orc:1 Urug


Innate Abilities, Weirdness & Mutations

You have sharp fingernails.
You have sharp toenails.
You can translocate small distances at will.
Scrolls take you a little longer to read.
You are dopey. (Int -2)
Your magical capacity is low (-10% MP).
You regenerate slowly when monsters are visible.
You are weak. (Str -2)


Message History

[Y]es or [N]o only, please.
Really read with blurry vision while enemies are nearby? [Y]es or [N]o only, please.
Really read with blurry vision while enemies are nearby?
Okay, then.
You blink.
You feel slightly more hungry.
You blink.
You feel slightly more hungry.
You don't have enough health at the moment.
Drink which item? (? for menu, Esc to quit)
You feel better.
Read which item? (? for menu, Esc to quit)
Really read with blurry vision while enemies are nearby?
You begin reading the scroll.
You continue reading the scroll.
Blink to where?
Press: ? - help, Dir - move target cursor, p - Urug You are very lightly contaminated with residual magic.
As you read the scroll of blinking, it crumbles to dust.
The orc priest mumbles some strange prayers to Beogh against you.
Pain shoots through your body!
You die...

♣ .. ###### ## ...
##.##.###.## ....
......#...####
.....##..#..##..##.##
.............#.....<#
.#....(.#..#...##.##
................@...#
.........$....#.>..##
.........#.....#...##
...........(........#
............(..^...##
...........(##(o..##
...#...>....###..##
............#.#)(.#
#..........#(.o#.##


You could see an orc priest.

Vanquished Creatures
  Rupert (D:12)
  Harold (D:12)
  An ice dragon (Lair:1)
  2 hydras
  A queen ant (Lair:2)
  A hell knight (D:10)
  An unseen horror (D:10)
  3 hill giants
  A necromancer (D:13)
  2 deep elf magi (D:13)
  3 cyclopes
  The ghost of ceb the Shield-Bearer, a novice DDFi (D:6)
  Maurice (D:10)
  6 spiny frogs
  4 komodo dragons
  A polar bear (D:10)
  2 two-headed ogres
  A blink frog (D:11)
  2 shadows
  A wraith (Ossuary)
  18 yaks
  A basilisk (Lair:1)
  A human (D:7)
  2 wyverns
  3 hungry ghosts
  2 hippogriffs (Lair:1)
  A warg (D:11)
  7 soldier ants
  4 water moccasins
  5 hell hounds (D:10)
  2 porcupines (Lair:1)
  6 ice beasts
  4 sky beasts
  2 black bears
  An ogre (D:10)
  4 phantoms
  9 orc warriors
  7 wolves
  4 crocodiles
  6 centaurs
  A big kobold (D:10)
  An elf zombie (Ossuary)
  17 giant frogs
  A wyvern zombie (D:10)
  A wyvern skeleton (D:10)
  A scorpion (D:4)
  6 wights (D:13)
  14 killer bees
  5 howler monkeys
  3 electric eels
  5 crimson imps
  2 jellies
  2 giant frog zombies (D:7)
  A wasp zombie (D:13)
  3 centaur zombies
  11 orc priests
  4 giant frog skeletons
  7 hounds
  2 centaur skeletons
  7 iguanas
  21 orc wizards
  22 worker ants
  2 sheep (D:7)
  2 centaur simulacra (D:11)
  2 hound skeletons
  3 mummies (Ossuary)
  2 worker ant zombies
  2 howler monkey zombies
  8 adders
  A river rat (D:10)
  4 shadow imps
  An ufetubus (D:11)
  6 worms
  A dart slug (D:2)
  8 giant geckos
  47 orcs
  8 bats
  2 giant cockroaches
  2 gnoll zombies (Ossuary)
  6 goblins
  6 hobgoblins
  16 jackals
  12 kobolds
  3 quokkas
  3 giant newts
  3 goblin zombies (Ossuary)
  4 hobgoblin zombies (Ossuary)
  A jackal zombie (D:7)
  2 kobold zombies (Ossuary)
  2 orc zombies (Ossuary)
  2 rats
  A bush (D:11)
424 creatures vanquished.

Vanquished Creatures (others)
  An orc (D:13)
  A plant (Lair:1)
2 creatures vanquished.

Grand Total: 426 creatures vanquished

Notes
Turn   | Place    | Note
--------------------------------------------------------------
     0 | D:1      | Inkary the Hill Orc Fighter began the quest for the Orb.
     0 | D:1      | Reached XP level 1. HP: 19/19 MP: 1/1
   102 | D:1      | Reached skill level 3 in Axes
   105 | D:1      | Reached XP level 2. HP: 22/27 MP: 2/2
   553 | D:1      | Reached XP level 3. HP: 20/33 MP: 3/3
  1587 | D:3      | Found an oddly glowing altar of Pakellas.
  1673 | D:3      | Reached XP level 4. HP: 15/41 MP: 4/4
  2255 | D:4      | Noticed a centaur
  2265 | D:4      | Killed a centaur
  2265 | D:4      | Reached skill level 4 in Axes
  2265 | D:4      | Reached XP level 5. HP: 22/47 MP: 5/5
  2314 | D:4      | Reached skill level 5 in Fighting
  2316 | D:4      | Reached skill level 5 in Shields
  2468 | D:4      | Reached skill level 5 in Axes
  2468 | D:4      | Reached XP level 6. HP: 46/56 MP: 6/6
  2528 | D:4      | Found a sand-covered staircase.
  2532 | Ossuary  | Entered an ossuary
  2532 | Ossuary  | Noticed a wraith
  2532 | Ossuary  | Noticed a wraith
  2532 | Ossuary  | Noticed a wraith
  2757 | Ossuary  | Noticed a wraith
  2768 | Ossuary  | Killed a wraith
  2768 | Ossuary  | Reached XP level 7. HP: 36/63 MP: 7/7
  3021 | D:4      | Reached skill level 6 in Axes
  3870 | D:4      | Found a staircase to the Ecumenical Temple.
  3879 | Temple   | Entered the Ecumenical Temple
  3888 | Temple   | Became a worshipper of Warmaster Okawaru
  4064 | D:5      | Entered Level 5 of the Dungeon
  4094 | D:5      | Found a glowing silver altar of Zin.
  4099 | D:5      | Found a runed door.
  4099 | D:5      | Noticed an angel
  4117 | D:5      | Found Yriloc's Weapon Shop.
  4138 | D:5      | Reached XP level 8. HP: 54/73 MP: 8/8
  4171 | D:5      | Found a radiant altar of Vehumet.
  4319 | D:5      | Found an ancient bone altar of Kikubaaqudgha.
  4320 | D:5      | Found a deep blue altar of Sif Muna.
  4324 | D:5      | Identified Sif Muna's Collected Works on Transmutation
  4423 | D:5      | Reached skill level 7 in Axes
  4436 | D:5      | Found a shattered altar of Ashenzari.
  4693 | D:6      | Reached skill level 1 in Invocations
  5248 | D:6      | Noticed ceb's ghost (novice DDFi)
  5599 | D:5      | Learned a level 1 spell: Beastly Appendage
  5770 | D:6      | Reached skill level 8 in Axes
  6018 | D:6      | Killed ceb's ghost
  6018 | D:6      | Reached * piety under Okawaru
  6018 | D:6      | Reached XP level 9. HP: 50/81 MP: 11/11
  6353 | D:7      | Reached ** piety under Okawaru
  6377 | D:7      | Reached skill level 9 in Axes
  6377 | D:7      | Reached skill level 5 in Armour
  6968 | D:7      | Reached skill level 5 in Invocations
  6974 | D:7      | Reached skill level 10 in Axes
  6981 | D:7      | Reached *** piety under Okawaru
  6992 | D:7      | Reached XP level 10. HP: 76/91 MP: 14/14
  7975 | D:8      | Found an opulent altar of Gozag.
  7975 | D:8      | Found a glowing golden altar of the Shining One.
  8097 | D:9      | Gained mutation: Your magical capacity is low (-10% MP). [mutagenic meat]
  8098 | D:9      | Gained mutation: You have sharp fingernails. [mutagenic meat]
  8099 | D:9      | Gained mutation: Scrolls take you a little longer to read. [mutagenic meat]
  8100 | D:9      | Gained mutation: You can translocate small distances at will. [mutagenic meat]
  8101 | D:9      | Gained mutation: You are dopey. (Int -2) [mutagenic meat]
  8102 | D:9      | Gained mutation: You regenerate slowly when monsters are visible. [mutagenic meat]
  8177 | D:9      | Found a basalt altar of Yredelemnul.
  8296 | D:9      | Found a sacrificial altar of Ru.
  8296 | D:9      | Found a shadowy altar of Dithmenos.
  8336 | D:9      | Reached skill level 11 in Axes
  8757 | D:10     | Entered Level 10 of the Dungeon
  8816 | D:10     | Reached **** piety under Okawaru
  9289 | D:10     | Noticed a hell knight
  9426 | D:10     | Reached skill level 10 in Fighting
  9433 | D:10     | Reached XP level 11. HP: 91/99 MP: 14/14
  9443 | D:10     | Noticed Maurice
  9678 | D:10     | Reached skill level 12 in Axes
  9980 | D:10     | Killed an unseen horror
 10311 | D:10     | Reached ***** piety under Okawaru
 10654 | D:10     | Learned a level 5 spell: Silence
 10904 | D:11     | Received a gift from Okawaru
 10937 | D:11     | Found a staircase to the Lair.
 10981 | D:11     | Found a blossoming altar of Fedhas.
 10995 | D:11     | Found a staircase to the Orcish Mines.
 11392 | D:11     | Reached skill level 10 in Shields
 11402 | D:11     | Reached skill level 13 in Axes
 11603 | D:11     | Noticed a seven-headed hydra
 11662 | D:11     | Killed a seven-headed hydra
 11697 | D:11     | Got a faintly glowing cloak
 11708 | D:11     | Identified the +2 cloak of a bailey {rC+ MR+} (You found it on level 11 of the Dungeon)
 11952 | D:12     | Noticed a five-headed hydra
 11969 | D:12     | Killed a five-headed hydra
 12091 | D:12     | Noticed a hill giant
 12092 | D:12     | Noticed Harold
 12119 | D:12     | Killed a hill giant
 12123 | D:12     | Killed Harold
 12123 | D:12     | Reached XP level 12. HP: 91/110 MP: 15/15
 12143 | D:12     | Found a burning altar of Makhleb.
 12247 | D:12     | Reached skill level 14 in Axes
 12271 | D:12     | Received a gift from Okawaru
 12740 | D:12     | Noticed Rupert
 12748 | D:12     | Paralysed by Rupert for 2 turns
 12772 | D:12     | Killed Rupert
 12935 | D:13     | Found a portal to a secret trove of treasure.
 12960 | Trove    | Entered a treasure trove
 12983 | Trove    | Identified Sif Muna's Incunabulum of Mutagenic Ignition
 13075 | D:13     | Found a sacrificial altar of Ru.
 13166 | D:13     | Got a shimmering long sword
 13167 | D:13     | Identified the +2 long sword "Kakhaeto" {holy, +Blink rN+ Str+2 Int+3} (You found it on level 13 of the Dungeon)
 13171 | D:13     | Learned a level 1 spell: Corona
 13171 | D:13     | Identified a +4 rod of clouds (10/10) (You found it in a treasure trove)
 13263 | D:13     | Gained mutation: You are agile. (Dex +2) [mutagenic meat]
 13264 | D:13     | Gained mutation: You have sharp toenails. [mutagenic meat]
 13267 | D:13     | Gained mutation: You are weak. (Str -2) [mutagenic meat]
 13268 | D:13     | Lost mutation: You are agile. (Dex +2) [mutagenic meat]
 13517 | D:13     | Reached skill level 1 in Long Blades
 14106 | D:13     | Found Igyeckua's Assorted Antiques.
 14109 | D:13     | Bought a scroll of teleportation for 93 gold pieces
 14205 | D:13     | Found a gate to the Vaults.
 14331 | Lair:1   | Entered Level 1 of the Lair of Beasts
 14404 | Lair:1   | Reached skill level 10 in Armour
 14467 | Lair:1   | Reached skill level 5 in Long Blades
 14664 | Lair:1   | Reached XP level 13. HP: 119/119 MP: 16/16
 15402 | D:10     | Killed Maurice
 15716 | Lair:1   | Noticed an ice dragon
 15743 | Lair:1   | Killed an ice dragon
 17890 | Orc:1    | Entered Level 1 of the Orcish Mines
 17983 | Orc:1    | Noticed Urug
 18045 | Orc:1    | HP: 1/119 [Urug/javelin (18)]
 18053 | Orc:1    | Killed from afar by an orc priest

Skill      XL: |  1  2  3  4  5  6  7  8  9 10 11 12 13 |
---------------+----------------------------------------+-----
Axes           | 3 4 5 6 8 10 11 13 14 | 14.7
Fighting       | 4 5 6 7 8 9 10 11 12 | 12.8
Shields        | 4 5 6 7 8 9 10 11 | 11.0
Invocations    | 3 5 6 7 |  7.0
Armour         | 4 5 7 8 10 11 | 11.0
Long Blades    | 5 8 |  8.5

Action                   |  1- 3 |  4- 6 |  7- 9 | 10-12 | 13-15 || total
-------------------------+-------+-------+-------+-------+-------++-------
Melee: War axe           |   164 |   147 |   400 |   837 |       ||  1548
       Whip              |       |       |       |    30 |       ||    30
       Long sword        |       |       |       |   339 |   566 ||   905
Invok: Heroism           |       |       |     3 |    20 |    12 ||    35
       Finesse           |       |       |       |     5 |       ||     5
 Abil: Blink             |       |       |       |     7 |     4 ||    11
       Evoke Blink       |       |       |       |     1 |       ||     1
Evoke: Wand              |       |       |       |       |     1 ||     1
  Use: Potion            |       |     1 |     3 |     9 |    18 ||    31
       Scroll            |       |       |    13 |    18 |     4 ||    35
 Stab: Invisible         |       |       |       |       |     8 ||     8
  Eat: Chunk             |     1 |     3 |     5 |    35 |    11 ||    55
       Beef jerky        |     1 |       |       |     5 |       ||     6
       Meat ration       |       |       |     2 |     1 |       ||     3
       Pizza             |       |       |       |     2 |     2 ||     4
Armor: Scale mail        |    90 |    48 |    54 |       |       ||   192
       Plate armour      |       |       |   107 |   683 |   234 ||  1024
       Skin              |       |       |     7 |    56 |       ||    63
Dodge: Dodged            |    61 |    30 |    58 |   201 |   137 ||   487
Block: Shield            |    96 |    67 |   178 |   673 |   345 ||  1359
